AoeStats
← Simon Stokvis

Nomad

506178043Analyzed
4v4 RM · 20d ago on Sep 12, 2026· 38m 13s· 8 players
Game mode
Random Map
Map size
231×231
Population
200
Speed
Normal
Resources
Standard
Victory
Conquest
Starting age
Dark Age
Ending age
Imperial Age
RankedLock teamsTeams togetherTeam positionsShared explorationLock speedFull tech treeHidden civsTurbo modeCheats
Victory
Defeat
🇺🇸 Portuguese · United States
1503
+14
🇳🇱 Malay · Netherlands
1488
+15
🇨🇳 Japanese · China
1465
+15
🇮🇹 Italians · Italy
1364
+20
🇦🇷 Huns · Argentina
1518
-19
🇦🇷 Spanish · Argentina
1506
-18
🇦🇷 Persians · Argentina
1483
-17
🇦🇷 Mongols · Argentina
1305
-10
Politox
4:50 Loom
12:29 Feudal Age
14:02 Double-Bit Axe
18:56 Forging
19:06 Horse Collar
20:15 Gold Mining
20:55 Scale Barding Armor
21:20 Bloodlines
26:48 Castle Age
26:00 Fletching
28:01 Bow Saw
28:35 Chain Barding Armor
28:17 Husbandry
Hao_Arg
3:56 Loom
12:52 Feudal Age
16:34 Castle Age
15:35 Double-Bit Axe
17:36 Gold Mining
20:21 Husbandry
24:11 Fletching
32:17 Imperial Age
29:55 Fishing Lines
31:44 Bow Saw
33:36 Conscription
Jjota
4:44 Loom
13:12 Feudal Age
15:04 Fletching
17:23 Double-Bit Axe
20:42 Horse Collar
23:04 Castle Age
24:13 Bow Saw
26:10 Town Watch
31:06 Wheelbarrow
32:07 Scale Barding Armor
34:53 Bloodlines
34:44 Husbandry
37:41 Imperial Age
37:02 Chain Barding Armor
36:53 Forging
MR FACAndo
7:03 Loom
14:34 Feudal Age
18:04 Double-Bit Axe
18:04 Horse Collar
21:57 Castle Age
20:48 Stone Mining
20:51 Gold Mining
22:14 Padded Archer Armor
23:08 Wheelbarrow
26:14 Husbandry
26:31 Bloodlines
28:38 Fletching
30:16 Masonry
31:10 Bodkin Arrow
35:09 Scale Barding Armor
ShiftyShnike
5:08 Loom
14:55 Feudal Age
15:31 Double-Bit Axe
18:28 Castle Age
19:20 Medium Warships
20:09 Fletching
20:34 Bow Saw
23:36 Wheelbarrow
22:46 Fishing Lines
24:00 Scale Barding Armor
23:47 Stone Mining
23:52 Gold Mining
24:10 Gillnets
25:02 Chain Barding Armor
25:57 Forging
25:36 Horse Collar
26:51 Bloodlines
29:59 Iron Casting
29:30 Heavy Plow
29:47 Husbandry
35:34 Imperial Age
33:29 Hand Cart
33:00 Town Watch
34:45 Stone Mining
35:41 Cavalier
37:02 Plate Barding Armor
37:46 Blast Furnace
郁离
4:21 Loom
13:33 Feudal Age
17:27 Castle Age
15:37 Double-Bit Axe
16:07 Fishing Lines
16:50 Gold Mining
18:19 Medium Warships
19:33 Bow Saw
19:33 Horse Collar
20:40 Gillnets
21:31 Stone Mining
21:47 Fletching
23:45 Wheelbarrow
23:20 Town Watch
25:30 Scale Mail Armor
26:47 Forging
32:12 Imperial Age
31:47 Hand Cart
31:52 Chain Mail Armor
33:04 Yasama
33:47 Conscription
34:48 Iron Casting
34:47 Plate Mail Armor
36:15 Bodkin Arrow
36:57 Bracer
37:26 Guard Tower
37:21 Arrowslits
37:29 Elite Samurai
38:48 Keep
39:13 Chemistry
38:34 Ballistics
39:11 Iron Casting
Simon Stokvis
4:49 Loom
13:22 Feudal Age
14:31 Double-Bit Axe
18:58 Castle Age
19:09 Bow Saw
21:04 Wheelbarrow
22:41 Ballistics
22:10 Town Watch
25:21 Fletching
26:34 Bodkin Arrow
31:22 Imperial Age
29:18 Padded Archer Armor
31:56 Chemistry
31:02 Bracer
31:18 Leather Archer Armor
32:13 Crossbowman
32:58 Thumb Ring
32:58 Arbalester
36:10 Conscription
37:16 Ring Archer Armor
36:48 Forced Levy
38:31 Horse Collar
39:08 Hand Cart
Jac
3:27 Loom
13:42 Feudal Age
24:45 Castle Age
24:04 Scale Mail Armor
26:16 Fletching
27:47 Double-Bit Axe
30:25 Bodkin Arrow
34:25 Padded Archer Armor
Connection lost

Rejoining the realm…

Still unreachable

The connection could not be restored.

Session expired

The server has moved on; the page needs a fresh start.